 Dungeon Sprint DCSS version 0.30-a0-52-g86a8295270 (webtiles) character file.

Game seed: 4074489155776077300

1640 Ankalagon the Martial Artist (level 8, -17/73 HPs)
             Began as a White Draconian Monk on Sept 6, 2022.
             Was an Initiate of Gozag.
             Shot with a bolt by a yaktaur (31 damage)
             ... in the Dungeon (Sprint II: "The Violet Keep of Menkaure").
             The game lasted 00:06:15 (600 turns).

Ankalagon the Martial Artist (White Draconian Monk)  Turns: 600, Time: 00:06:16

Health: -17/73     AC:  7    Str: 14      XL:     8   Next: 66%
Magic:  7/7        EV: 16    Int: 10 (11) God:    Gozag
Gold:   55         SH:  0    Dex: 14 (15) Spells: 7/7 levels left

rFire   + . .      SeeInvis .      - Unarmed
rCold   + . .      Faith    .    (no shield)
rNeg    . . .      Spirit   .    (body armour unavailable)
rPois   +          Reflect  .    (helmet restricted)
rElec   .          Harm     .    f - +0 cloak
rCorr   .          Rampage  .    (no gloves)
Will    .....      NoTele   +    (no boots)
Stlth   +++.......               (no amulet)
HPRegen 0.22/turn                h - ring of poison resistance
MPRegen 0.10/turn                i - ring of protection from fire

@: short of breath, invisible
A: breathe frost, AC +6, unfitting armour, cold resistance 1, cold-blooded,
deterioration 1, frail 1, low MP 1
a: Breathe Frost, Renounce Religion, Potion Petition, Call Merchant, Bribe
Branch


You were in the Dungeon.
You worshipped Gozag.
Gozag was noncommittal.
You visited 1 branch You collected 1737 gold pieces.
You spent 1682 gold pieces at shops.

Inventory:

Armour
 f - a +0 cloak (worn)
Jewellery
 h - a ring of poison resistance (left hand)
 i - a ring of protection from fire (right hand)
Scrolls
 d - 2 scrolls of magic mapping {unknown}
 g - a scroll of blinking
 m - 3 scrolls of identify
Potions
 a - a potion of ambrosia
 b - 3 potions of curing
 e - 2 potions of magic
 j - a potion of invisibility
 k - a potion of resistance
 l - a potion of haste


   Skills:
 - Level 11.3 Fighting
 - Level 9.6 Dodging
 - Level 4.3 Stealth
 - Level 13.0 Unarmed Combat
 + Level 1.9 Transmutations
 + Level 1.9 Earth Magic


You had 7 spell levels left.
You didn't know any spells.
Your spell library contained the following spells:

 Spells                   Type           Power      Damage    Failure   Level
 Leda's Liquefaction      Hex/Erth       0%         N/A       95%         4
 Lee's Rapid Deconstruct  Erth           1%         3d5*      99%         5
 Statue Form              Tmut/Erth      2%         N/A       100%        6


Dungeon Overview and Level Annotations

Branches:
Dungeon (1/1)

Altars:
Cheibriados
Dithmenos
Elyvilon
Fedhas
Gozag
Hepliaklqana
Kikubaaqudgha
Makhleb
Nemelex Xobeh
Okawaru
Qazlal
Ru
Sif Muna
Trog
Uskayaw
Vehumet
Wu Jian
Xom
Yredelemnul
Zin
The Shining One
Jiyva
Lugonu

Shops:
D :(![![=?![::=!(

Annotations:
D exclusion: oklob plant


Innate Abilities, Weirdness & Mutations

You can breathe waves of freezing cold which knock back foes.
Your icy white scales are hard. (AC +6)
You cannot fit into any form of body armour.
Your flesh is cold resistant. (rC+)
You are cold-blooded and may be slowed by cold attacks.
Your body sometimes deteriorates upon taking damage.
You are frail. (-10% HP)
Your magical capacity is low. (-10% MP)


Message History

The polar bear completely misses you.
Okay, then.
Unknown command.
You feel much better. The polar bear barely misses you. x2
The polar bear claws you but does no damage.
You punch the polar bear!
You tail-slap the polar bear, but do no damage.
The polar bear is severely wounded.
The polar bear goes berserk!
You fade into invisibility!
The polar bear closely misses you. x2; The polar bear misses you. x2
The polar bear completely misses you. The polar bear closely misses you.
You hit the polar bear.
The polar bear is severely wounded.
The polar bear closely misses you. The polar bear misses you.
The polar bear claws you.
You punch the polar bear!
The polar bear is almost dead.
The polar bear misses you. The polar bear claws you.
The polar bear barely misses you.
You hit the polar bear.
You tail-slap the polar bear, but do no damage.
The polar bear is almost dead.
The yaktaur wields a +1 arbalest of freezing.
It is covered in frost.
The yaktaur shoots a bolt.
The bolt closely misses the polar bear.
The bolt closely misses you. The polar bear bites you!!
The polar bear closely misses you.
The polar bear claws you but does no damage.
You strike the helpless polar bear from behind!
You hit the polar bear. You punch the polar bear.
The polar bear is almost dead.
The polar bear bites you!!
* * * LOW HITPOINT WARNING * * *
Your body deteriorates!
You feel clumsy. The polar bear closely misses you.
The polar bear barely misses you.
The yaktaur shoots a bolt.
The bolt completely misses the polar bear.
The bolt hits you!!
You die...
Your body crumbles into a pile of gold.

###.#....# $ ^..# ## $ ?
.#.####..## #..# $# $$) #'#
#.##..# +..# .#▓!$(!($!$
#.###..#..# $#..# .#▓!!)!$($$
.<.'.##'..####..##.#▓?!?$?$?$
#.###..#....###...##▓▓▓▓▓▓▓+
#'###.##......~chy~~~~~~~~~.
.).####~~.....~#h########+###
.#..#~~~~~§~..h#@.._._._#~~~##
...##~~~~~~~~.§#_._._._.#~~§§##
#+##~~~≈≈§~§§~~#._._._._#~§~~≈#
$ ~
~~~~~~≈≈§§§§~#_._._._.#~~~§§§ $
+#+++#~≈≈§§§≈≈~#._._._..#~§§§§≈
$ § ##§≈≈###§≈#_._._...#§~~§§~
$ #≈≈ #§§#._._....#~~≈§§§ $
#§§#.._.....#~≈≈≈▓▓
≈§§≈##########§≈≈≈▓z


You could see 3 polar bears, a yaktaur (unable to see you) and a hornet (unable
to see you).

Vanquished Creatures
  A merfolk siren (D)
  2 wyverns (D)
  4 neqoxecs (D)
  Menkaure (D)
  A water moccasin (D)
  4 scorpions (D)
  A hell rat (D)
14 creatures vanquished.

Notes
Turn   | Place    | Note
-------+----------+-------------------------------------------
     0 | D        | Ankalagon the Draconian Monk began the quest for the Orb.
     0 | D        | Reached XP level 1. HP: 19/19 MP: 1/1
     1 | D        | Noticed a wyvern
     1 | D        | Noticed a wyvern
     4 | D        | Noticed a scorpion
     4 | D        | Noticed a scorpion
    11 | D        | Killed a scorpion
    12 | D        | Reached skill level 8 in Unarmed Combat
    12 | D        | Reached XP level 2. HP: 26/26 MP: 2/2
    12 | D        | Reached XP level 3. HP: 31/31 MP: 3/3
    13 | D        | Killed a scorpion
    14 | D        | Reached skill level 10 in Unarmed Combat
    14 | D        | Reached XP level 4. HP: 38/38 MP: 4/4
    14 | D        | Noticed a scorpion
    14 | D        | Noticed a scorpion
    16 | D        | Killed a scorpion
    17 | D        | Reached skill level 11 in Unarmed Combat
    17 | D        | Reached XP level 5. HP: 45/45 MP: 5/5
    23 | D        | Reached skill level 12 in Unarmed Combat
   178 | D        | Noticed a merfolk siren
   181 | D        | Noticed a neqoxec
   193 | D        | Found a glowing golden altar of the Shining One.
   193 | D        | Found an ornate altar of the Wu Jian Council.
   194 | D        | Found a shimmering altar of Xom.
   194 | D        | Found a sacrificial altar of Ru.
   195 | D        | Found a basalt altar of Yredelemnul.
   195 | D        | Found a shimmering blue altar of Sif Muna.
   196 | D        | Found a glowing silver altar of Zin.
   196 | D        | Found a bloodstained altar of Trog.
   196 | D        | Found an ancient bone altar of Kikubaaqudgha.
   196 | D        | Found a stormy altar of Qazlal.
   196 | D        | Found a viscous altar of Jiyva.
   197 | D        | Found a hide-covered altar of Uskayaw.
   197 | D        | Found a corrupted altar of Lugonu.
   197 | D        | Found a shadowy altar of Dithmenos.
   198 | D        | Found a radiant altar of Vehumet.
   198 | D        | Found a burning altar of Makhleb.
   198 | D        | Found a white marble altar of Elyvilon.
   199 | D        | Found a sparkling altar of Nemelex Xobeh.
   199 | D        | Found a blossoming altar of Fedhas.
   200 | D        | Found an iron altar of Okawaru.
   200 | D        | Found an opulent altar of Gozag.
   202 | D        | Found a hazy altar of Hepliaklqana.
   202 | D        | Found a snail-covered altar of Cheibriados.
   207 | D        | Noticed a water moccasin
   207 | D        | Noticed a water moccasin
   208 | D        | Noticed a water moccasin
   211 | D        | Noticed a water moccasin
   211 | D        | Noticed a flying skull
   211 | D        | Noticed a flying skull
   213 | D        | Became a worshipper of Gozag Ym Sagoz the Greedy
   245 | D        | Killed a wyvern
   246 | D        | Reached skill level 5 in Dodging
   246 | D        | Reached XP level 6. HP: 58/58 MP: 6/6
   251 | D        | Killed a wyvern
   252 | D        | Your scales start taking on an icy white colour.
   252 | D        | Reached XP level 7. HP: 67/67 MP: 7/7
   252 | D        | Gained mutation: Your flesh is cold resistant. (rC+) [White
                  | Draconian growth]
   263 | D        | Killed a merfolk siren
   264 | D        | Reached skill level 10 in Fighting
   269 | D        | Gained mutation: Your body sometimes deteriorates upon
                  | taking damage. [a neqoxec]
   273 | D        | Gained mutation: You are frail. (-10% HP) [a neqoxec]
   276 | D        | Killed a neqoxec
   277 | D        | Reached XP level 8. HP: 64/72 MP: 8/8
   279 | D        | Found Jiaff's Antique Weapon Shop.
   288 | D        | Gained mutation: Your magical capacity is low. (-10% MP) [a
                  | neqoxec]
   295 | D        | Found Kojashij's Book Boutique.
   295 | D        | Found Jiazoufo's Book Shop.
   295 | D        | Found Quiluera's Magic Scroll Boutique.
   295 | D        | Found Fiav's Jewellery Shop.
   295 | D        | Found Ymmoqat's Armour Shop.
   295 | D        | Found Equmifip's Antique Armour Boutique.
   299 | D        | Found Ceinuot's Distillery.
   299 | D        | Found Veuryu's Antique Armour Shop.
   299 | D        | Found Okienn Qalio's Distillery.
   299 | D        | Found Gaixzyar's Jewellery Shop.
   300 | D        | Found Jiton's Distillery.
   300 | D        | Found Nuj Yzog's Distillery.
   300 | D        | Found Iteosof's Antique Weapon Shop.
   300 | D        | Noticed Menkaure
   325 | D        | Killed Menkaure
   358 | D        | Noticed an ice dragon
   358 | D        | Noticed an oklob plant
   501 | D        | Reached skill level 13 in Unarmed Combat
   509 | D        | Found Ittoung's Book Shoppe.
   511 | D        | Bought a potion of degeneration for 11 gold pieces
   515 | D        | Bought a book of the Earth for 396 gold pieces
   520 | D        | Noticed a shining eye
   520 | D        | Noticed a shining eye
   530 | D        | Bought a cloak for 108 gold pieces
   537 | D        | Bought a ring of poison resistance for 220 gold pieces
   537 | D        | Bought a ring of protection from fire for 275 gold pieces
   542 | D        | Bought 2 potions of invisibility for 224 gold pieces
   542 | D        | Bought a potion of resistance for 140 gold pieces
   542 | D        | Bought a potion of curing for 42 gold pieces
   542 | D        | Bought a potion of curing for 42 gold pieces
   542 | D        | Bought a potion of haste for 140 gold pieces
   543 | D        | Bought a scroll of identify for 28 gold pieces
   543 | D        | Bought a scroll of identify for 28 gold pieces
   543 | D        | Bought a scroll of identify for 28 gold pieces
   569 | D        | Reached skill level 1 in Transmutations
   569 | D        | Reached skill level 1 in Earth Magic
   581 | D        | Noticed a polar bear
   582 | D        | Noticed a yaktaur
   582 | D        | Noticed a hornet
   586 | D        | Noticed a polar bear
   586 | D        | Noticed a polar bear
   600 | D        | Shot with a bolt by a yaktaur

Illustrated notes

Levels and vault maps discovered:
D:        the_violet_keep_of_menkaure [sprint2_stairs_cluster_1,
          sprint2_shoproom, sprint2_temple, sprint2_basic_supplies,
          sprint2_obstacle_5, sprint2_obstacle_2, sprint2_obstacle_3,
          sprint2_obstacle_4, sprint2_obstacle_6, sprint2_timed_cluster_1,
          sprint2_smallroom_cluster_1, sprint2_smallroom_final_cluster_1,
          sprint2_transparent_cluster_1, sprint2_second_timed_cluster_1,
          sprint2_sniper_area_1, sprint2_heavy_combat_area_1,
          sprint2_mutation_trap_area_1, sprint2_forest_area_1,
          sprint2_light_combat_area_1, sprint2_behind_water_1,
          sprint2_near_end_vault_1]

Skill      XL: |  1  2  3  4  5  6  7  8 |
---------------+-------------------------+-----
Unarmed Combat | 8 10 11 12 13 | 13.0
Fighting       | 6 7 10 11 | 11.3
Dodging        | 5 6 8 9 |  9.6
Stealth        | 4 |  4.3
Transmutations | 1 |  1.9
Earth Magic    | 1 |  1.9

Action                   |  1- 3 |  4- 6 |  7- 9 || total
-------------------------+-------+-------+-------++-------
Melee: Unarmed           |     6 |    16 |    50 ||    72
       Punch             |       |     1 |     5 ||     6
       Tailslap          |       |     1 |     9 ||    10
 Abil: Breathe Frost     |       |       |     4 ||     4
  Use: Potion            |     1 |     1 |     2 ||     4
 Stab: Invisible         |       |       |     1 ||     1
Armor: Skin              |     1 |     1 |    13 ||    15
Dodge: Dodged            |     2 |     5 |    40 ||    47

Table legend: (Time is in decaauts)
 A = Elapsed time spent in this place.
 B = Non-inter-level travel time spent in this place.
 C = Inter-level travel time spent in this place.
 D = Time resting spent in this place.
 E = Time spent auto-exploring this place.
 F = Levels seen in this place.
 G = Mean time per level.
                   A        B        C        D        E       F      G
               +--------+--------+--------+--------+--------+-----+--------+
         Total |    581 |    581 |      0 |    282 |      0 |   1 |  581.0 |
       Dungeon |    581 |    581 |      0 |    282 |      0 |   1 |  581.0 |
               +--------+--------+--------+--------+--------+-----+--------+

Top non-repeatable levels by time:
       D: 581 daAuts
